 Dungeon Crawl Stone Soup version 0.28.0-43-g3370ac3207 (webtiles) character file.

Game seed: 15930396187463749144

70 funkygono the Firebug (level 4, -2/31 HPs)
             Began as a Demonspawn Fire Elementalist on Mar 17, 2022.
             Slain by Robin
             ... wielding a +0 trident
              (7 damage)
             ... on level 2 of the Dungeon.
             The game lasted 00:03:22 (2280 turns).

funkygono the Firebug (DsFE)                        Turns: 2280, Time: 00:03:22

Health: -2/31      AC:  2    Str:  9    XL:     4   Next: 4%
Magic:  0/8        EV: 14    Int: 18    God:
Gold:   62         SH:  0    Dex: 13    Spells: 5/8 levels left

rFire   . . .      SeeInvis .   d - +0 whip
rCold   . . .      Faith    .   (no shield)
rNeg    . . .      Spirit   .   a - +0 robe
rPois   .          Reflect  .   (helmet restricted)
rElec   .          Harm     .   (no cloak)
rCorr   .          Rampage  .   (no gloves)
Will    .....                   (no boots)
Stlth   ++........              (no amulet)
HPRegen 0.10/turn               (no ring)
MPRegen 0.11/turn               (no ring)

@: no status effects
A: horns 1, repulsion field 1
a: no special abilities


You were on level 2 of the Dungeon.
You visited 1 branch of the dungeon, and saw 2 of its levels.

You collected 62 gold pieces.

Inventory:

Hand Weapons
 d - a +0 whip (weapon)
Armour
 a - a +0 robe (worn)
Scrolls
 c - a scroll of immolation {unknown}
 f - a scroll of fog {unknown}
 g - a scroll of noise {unknown}
Potions
 b - a potion of mutation {unknown}
 e - a potion of curing {unknown}


   Skills:
 + Level 0.3 Fighting
 + Level 1.9 Dodging
 - Level 1.7 Stealth
 * Level 2.7 Spellcasting
 * Level 1.5 Conjurations
 * Level 3.6 Fire Magic


You had 5 spell levels left.
You knew the following spells:

 Your Spells              Type           Power      Damage    Failure   Level
a - Foxfire               Conj/Fire      44%        2x1d6     6%          1
b - Scorch                Fire           30%        2d6       5%          2

Your spell library contained the following spells:

 Spells                   Type           Power      Damage    Failure   Level
 Magic Dart               Conj           32%        1d4       9%          1
 Conjure Flame            Conj/Fire      11%        6-21      17%         3
 Inner Flame              Hex/Fire       9%         N/A       24%         3
 Call Imp                 Summ           2%         N/A       26%         2
 Mephitic Cloud           Conj/Pois/Air  4%         N/A       38%         3
 Flame Wave               Conj/Fire      11%        2d5       50%         4


Dungeon Overview and Level Annotations

Branches:
Dungeon (2/15)

Altars:

Annotations:
D:2 Robin


Innate Abilities, Weirdness & Mutations

You have a pair of small horns on your head.
You are surrounded by a mild repulsion field. (EV +2)


Message History

Casting: Foxfire (safe; 6% risk of failure)
Confirm with . or Enter, or press ? or * to list all spells.
You don't have enough magic to cast this spell.
Unknown command.
The foxfire hits the goblin.
You kill the goblin!
Something throws the goblin at you! The goblin closely misses you.
Things that are here:
a +0 dagger; a +0 club
Casting: Foxfire (safe; 6% risk of failure)
Confirm with . or Enter, or press ? or * to list all spells.
You conjure some foxfire!
The goblin hits you with a +0 dagger.
Unknown command.
The foxfire hits the goblin.
You kill the goblin!
The foxfire hits something but does no damage.
Things that are here:
a +0 dagger; a +0 club The goblin throws a stone.
The stone barely misses you. Something hits you.
Things that are here:
a +0 dagger; a +0 club Something hits you.
Casting: Foxfire (safe; 6% risk of failure)
Confirm with . or Enter, or press ? or * to list all spells.
You don't have enough magic to cast this spell.
Unknown command.
You barely miss something. You headbutt something. Your punch misses something.
Something hits you.
Casting: Foxfire (safe; 6% risk of failure)
Confirm with . or Enter, or press ? or * to list all spells.
You conjure some foxfire!
Something throws the goblin at you! The goblin hits you with a +0 club.
* * * LOW HITPOINT WARNING * * *
Unknown command.
The foxfire hits the goblin.
You kill the goblin!
The foxfire hits something.
Something hits you.
* * * LOW HITPOINT WARNING * * *
Something hits you!
You die...

...#.# # #..#...#
#....#.# #..#...
###.#.### # ### ##....#.#
#. ...
#....(..###.#)#####.#
##).##......#.......#
...###§######.).@.#
#♣..♣♣§§♣.........####.#
...♣.♣≈♣w.♣♣.♣♣........#
.♣♣♣♣)♣♣♣♣.♣ ♣♣#)###### .
♣§.♣♣♣.♣♣ ♣)...#
♣..♣.♣.♣♣♣ ♣###.#
.♣♣♣P÷♣)).♣P♣ ♣♣##.##.#
...♣...♣.♣P♣♣♣♣♣♣..#....#
....P..♣..♣♣.♣.♣.♣♣.♣####


There were no monsters in sight!

Vanquished Creatures
  2 gnolls (D:2)
  A worm (D:2)
  A bat (D:1)
  3 endoplasms (D:1)
  2 giant cockroaches
  11 goblins
  5 hobgoblins
  5 quokkas
  2 frilled lizards
  5 kobolds
  6 rats
43 creatures vanquished.

Vanquished Creatures (collateral kills)
  5 foxfires (D:2)
5 creatures vanquished.

Vanquished Creatures (others)
  116 foxfires
  61 plants (D:2)
177 creatures vanquished.

Grand Total: 225 creatures vanquished

Notes
Turn   | Place    | Note
-------+----------+-------------------------------------------
     0 | D:1      | funkygono the Demonspawn Fire Elementalist began the quest
                  | for the Orb.
     0 | D:1      | Reached XP level 1. HP: 13/13 MP: 3/3
   184 | D:1      | Reached skill level 3 in Fire Magic
   209 | D:1      | Gained mutation: You are surrounded by a mild repulsion
                  | field. (EV +2) [demonic ancestry]
   209 | D:1      | Reached XP level 2. HP: 19/19 MP: 1/5
   267 | D:1      | Found a faded altar of an unknown god.
   957 | D:1      | Learned a level 2 spell: Scorch
  1579 | D:2      | Reached XP level 3. HP: 18/24 MP: 2/6
  2263 | D:2      | Noticed Robin
  2268 | D:2      | Gained mutation: You have a pair of small horns on your
                  | head. [demonic ancestry]
  2268 | D:2      | Reached XP level 4. HP: 27/31 MP: 0/8
  2280 | D:2      | Slain by Robin

Illustrated notes

Levels and vault maps discovered:
D:1:      onia_arrival_pyramid, layout_basic, basic_ecumenical_altar
D:2:      wad_woods_stonehenge, layout_basic, serial_corexii_hall,
          corexii_hall_statues_t, corexii_hall_statues_s, dk_vineyard_2,
          minmay_indecisive_spiral, uniq_robin

Skill      XL: |  1 |
---------------+----+-----
Fire Magic     | 3 |  3.6
Fighting       | |  0.3
Dodging        | |  1.9
Stealth        | |  1.7
Spellcasting   | |  2.7
Conjurations   | |  1.5

Action                   |  1- 3 |  4- 6 || total
-------------------------+-------+-------++-------
Melee: Whip              |    38 |     1 ||    39
       Punch             |     1 |       ||     1
       Headbutt          |       |     1 ||     1
 Cast: Foxfire           |    69 |     2 ||    71
       Scorch            |     4 |       ||     4
Armor: Robe              |    10 |       ||    10
Dodge: Dodged            |    45 |     2 ||    47
